 Dungeon Crawl Stone Soup version 0.21-a0-88-g13b9641 (webtiles) character file.

112 HAL9000 the Skirmisher (level 4, 0/50 HPs)
             Began as an Ogre Hunter on June 26, 2017.
             Slain by HAL9000's ghost (9 damage)
             ... on level 3 of the Dungeon.
             The game lasted 00:05:18 (3535 turns).

HAL9000 the Skirmisher (Ogre Hunter)                Turns: 3535, Time: 00:05:19

Health: 0/50       AC:  6    Str: 17    XL:     4   Next: 95%
Magic:  4/4        EV: 10    Int: 12    God:
Gold:   112        SH:  0    Dex:  9    Spells: 3/3 levels left

rFire    . . .     SeeInvis .   a - +0 short sword
rCold    . . .     Gourm    .   (no shield)
rNeg     . . .     Faith    .   b - +0 robe
rPois    .         Spirit   .   (helmet restricted)
rElec    .         Reflect  .   n - +2 cloak
rCorr    .         Harm     .   (gloves unavailable)
MR       .....                  (boots unavailable)
Stlth    +.........             (no amulet)
HPRegen  0.16/turn              (no ring)
MPRegen  0.09/turn              (no ring)

@: no status effects
A: unfitting armour, tough skin 1
a: no special abilities


You were on level 3 of the Dungeon.
You were not hungry.

You visited 1 branch of the dungeon, and saw 3 of its levels.

You collected 112 gold pieces.

Inventory:

Hand Weapons
 a - a +0 short sword (weapon)
 r - a +0 whip
Missiles
 d - 2 throwing nets (quivered)
Armour
 b - a +0 robe (worn)
 n - a +2 cloak (worn)
Scrolls
 g - 2 scrolls of identify {unknown}
 h - a scroll of enchant armour {unknown}
Potions
 l - a potion of curing
 m - a potion of agility {unknown}
 p - a potion of resistance {unknown}
 s - a potion of cancellation {unknown}
Comestibles
 f - 3 bread rations
 i - 2 meat rations
 k - a royal jelly
 q - 2 chunks of flesh


   Skills:
 - Level 5.0 Fighting
 + Level 2.6 Maces & Flails
 - Level 4.0 Throwing
 - Level 1.7 Dodging
 - Level 0.6 Stealth


You had 3 spell levels left.
You didn't know any spells.

Dungeon Overview and Level Annotations

Branches:
Dungeon (3/15)

Altars:

Annotations:
D:3 HAL9000's ghost, amateur OgHu


Innate Abilities, Weirdness & Mutations

You are too large for most types of armour.
You have tough skin. (AC +1)


Message History

You throw a large rock.
The large rock hits HAL9000's ghost but does no damage.
HAL9000's ghost is moderately damaged.
HAL9000's ghost hits you!
HAL9000's ghost hits you but does no damage.
Throwing (i - inventory. (,) - cycle):
c - 2 large rocks (quivered)
Press: ? - help, Shift-Dir - straight line, f/p - HAL9000's ghost
Aim: HAL9000's ghost (moderately damaged)
You throw a large rock.
The large rock barely misses HAL9000's ghost.
HAL9000's ghost hits you!
* * * LOW HITPOINT WARNING * * *
HAL9000's ghost hits you but does no damage.
Throwing (i - inventory. (,) - cycle):
c - a large rock (quivered)
Press: ? - help, Shift-Dir - straight line, f/p - HAL9000's ghost
Aim: HAL9000's ghost (moderately damaged)
You throw a large rock. The large rock hits HAL9000's ghost.
HAL9000's ghost is moderately damaged.
HAL9000's ghost hits you!
You die...

#..........# #.#.# #.###.
#...(......# #.#.# #.....
#..........# #.#.######..###
#..........# #.#.....##.....
#..........# #.#####.##...##
######..........# #....#.......#
#...##...W......######.#..##...#
'............##W#...........#..#
#...#....######.@..............#
....#....# ###.###.#####.##.#
....#....# #.#...#...)..#.#
....###### #.#...#.###..#.#
....# ..#...#...#..#.# ....#
####.####.#..# #...# .. #.#..#
#...# #.#..# #...# #.####


You could see HAL9000's ghost.

Vanquished Creatures
  4 adders (D:2)
  An ooze (D:3)
  4 dart slugs
  2 worms
  A leopard gecko (D:1)
  A ball python (D:2)
  8 bats
  5 giant cockroaches
  6 goblins
  7 hobgoblins
  3 jackals (D:2)
  2 frilled lizards
  6 kobolds
  10 rats
60 creatures vanquished.

Notes
Turn   | Place    | Note
-------+----------+-------------------------------------------
     0 | D:1      | HAL9000 the Ogre Hunter began the quest for the Orb.
     0 | D:1      | Reached XP level 1. HP: 22/22 MP: 1/1
    62 | D:1      | Reached skill level 3 in Fighting
   206 | D:1      | Reached XP level 2. HP: 21/31 MP: 2/2
   894 | D:1      | Reached skill level 4 in Fighting
  1024 | D:1      | Reached XP level 3. HP: 14/40 MP: 3/3
  2008 | D:1      | Reached skill level 5 in Fighting
  2286 | D:2      | Reached skill level 1 in Maces & Flails
  2664 | D:2      | Reached XP level 4. HP: 43/50 MP: 4/4
  3506 | D:3      | Noticed HAL9000's ghost (amateur OgHu)
  3535 | D:3      | Slain by HAL9000's ghost

Vault maps used:
D:1:      dpeg_arrival_castle, minmay_close_crescents
D:3:      bloody_trog, first_bread, kennysheep_flooded_box

Skill      XL: |  1  2  3  4 |
---------------+-------------+-----
Fighting       | 3 4 5 |  5.0
Maces & Flails | 1 2 |  2.6
Throwing       | |  4.0
Dodging        | |  1.7
Stealth        | |  0.6

Action                   |  1- 3 |  4- 6 || total
-------------------------+-------+-------++-------
Melee: Short sword       |   194 |    84 ||   278
Throw: Large rock        |     4 |    10 ||    14
  Eat: Chunk             |     5 |     4 ||     9
Armor: Robe              |   106 |    39 ||   145
Dodge: Dodged            |   150 |    40 ||   190
